 Dungeon Crawl Stone Soup version 0.28-a0-1638-g9123634e07 (webtiles) character file.

Game seed: 16025358051586960916

151 bande the Skirmisher (level 5, -2/33 HPs)
             Began as a Gargoyle Fighter on Jan 25, 2022.
             Slain by a gnoll shaman (5 damage)
             ... on level 3 of the Dungeon.
             The game lasted 00:05:13 (3611 turns).

bande the Skirmisher (Gargoyle Fighter)             Turns: 3611, Time: 00:05:13

Health: -2/33      AC: 12    Str: 20    XL:     5   Next: 33%
Magic:  5/5        EV:  9    Int:  8    God:
Gold:   127        SH:  4    Dex: 11    Spells: 4/4 levels left

rFire   . . .      SeeInvis .   a - +1 war axe
rCold   . . .      Faith    .   c - +0 buckler
rNeg    + . .      Spirit   .   b - +0 scale mail
rPois   ∞          Reflect  .   e - +0 helmet
rElec   +          Harm     .   (no cloak)
rCorr   .          Rampage  .   (no gloves)
Will    .....                   (no boots)
Stlth   ..........              (no amulet)
HPRegen 0.11/turn               (no ring)
MPRegen 0.09/turn               (no ring)

@: lit by a corona, glowing
A: sickness immunity, AC +4, negative energy resistance 1, electricity
resistance, torment resistance 1, petrification resistance
a: no special abilities


You were on level 3 of the Dungeon.
You visited 1 branch of the dungeon, and saw 4 of its levels.

You collected 127 gold pieces.

Inventory:

Hand Weapons
 a - a +1 war axe (weapon)
 p - a +0 flail
Missiles
 k - 2 throwing nets (quivered)
Armour
 b - a +0 scale mail (worn)
 c - a +0 buckler (worn)
 e - a +0 helmet (worn)
Jewellery
 j - a ring of fire
Wands
 m - a wand of flame (20)
Scrolls
 h - a scroll of enchant weapon
 l - a scroll of teleportation
 n - a scroll of identify
Potions
 d - a potion of might
 f - a potion of curing {unknown}
 g - 4 potions of flight
 i - a potion of invisibility {unknown}
 o - 3 potions of mutation {unknown}


   Skills:
 + Level 4.1 Fighting
 + Level 3.4 Axes
 + Level 4.1 Armour
 + Level 3.9 Shields
 * Level 0.3 Evocations


You had 4 spell levels left.
You didn't know any spells.
Your spell library was empty.

Dungeon Overview and Level Annotations

Branches:
Dungeon (4/15)
 Temple: D:4-7

Altars:
Makhleb

Shops:
D:1 ?


Innate Abilities, Weirdness & Mutations

You are immune to sickness and miasma.
Your stone body is resilient. (AC +4)
You are immune to poison.
You resist negative energy. (rN+)
You are resistant to electric shocks. (rElec)
You are resistant to unholy torment.
You are immune to petrification.


Message History

There is a stone staircase leading down here.
You hit the gnoll shaman.
The gnoll shaman is lightly wounded.
The gnoll shaman hits you with a +0 whip.
You barely miss the gnoll shaman.
The gnoll shaman is lightly wounded.
You block the gnoll shaman's attack.
The gnoll shaman hits you with a +0 whip!
You are too injured to fight recklessly!
You are too injured to fight recklessly!
You are too injured to fight recklessly!
You are too injured to fight recklessly!
You are too injured to fight recklessly!
You are too injured to fight recklessly!
You are too injured to fight recklessly!
You closely miss the gnoll shaman.
The gnoll shaman is lightly wounded.
The gnoll shaman closely misses you.
You completely miss the gnoll shaman.
The gnoll shaman is lightly wounded.
The gnoll shaman hits you with a +0 whip!
* * * LOW HITPOINT WARNING * * *
You closely miss the gnoll shaman.
The gnoll shaman is lightly wounded.
The gnoll shaman closely misses you. The gnoll shaman completely misses you.
You closely miss the gnoll shaman.
The gnoll shaman is lightly wounded.
You block the gnoll shaman's attack.
You closely miss the gnoll shaman.
The gnoll shaman hits you with a +0 whip.
* * * LOW HITPOINT WARNING * * *
You closely miss the gnoll shaman.
The gnoll shaman mumbles some strange prayers to its god against you.
You are outlined in light.
The gnoll shaman hits you but does no damage.
You barely miss the gnoll shaman. The gnoll shaman barely misses you.
You barely miss the gnoll shaman. The gnoll shaman barely misses you.
You barely miss the gnoll shaman.
The gnoll shaman hits you with a +0 whip.
You die...

≈≈≈≈≈≈≈≈≈≈≈≈≈♣≈..# #......
P≈≈≈≈≈≈≈≈≈≈≈♣≈♣..# #######
P≈≈P≈≈≈≈≈≈≈≈≈♣≈..#
≈♣≈P≈≈≈≈≈≈≈≈PP≈..#
P≈P≈≈≈≈≈≈≈≈≈P≈♣..#### ###
.≈♣≈≈≈≈≈≈≈≈≈≈≈≈.....# #..
.≈♣≈≈≈≈≈≈≈≈P♣♣...##.# #.#
.≈♣≈P♣≈≈≈PPP≈≈#.†##.# #.#
.≈♣≈≈≈≈≈≈≈≈≈♣♣.g@##.# #.#
..♣♣≈≈≈≈≈≈≈≈(≈.####.######
#.# #.♣♣≈≈♣≈≈≈P♣)..#
#..>...# #.#
#..♣≈≈≈≈P≈≈≈..## ######.#
#.# ##..≈≈P≈P≈≈P.## #.#
#.# ##.≈≈P≈≈≈≈..# #.# #.#
###♣♣≈♣≈#### #.# #.#
#≈♣≈## #.# #.# #####
#.######.#


You could see a gnoll shaman.

Vanquished Creatures
  A gnoll (D:3)
  6 adders
  A worm (D:3)
  3 dart slugs
  3 orcs (D:3)
  10 endoplasms
  4 giant cockroaches
  A goblin (D:1)
  6 hobgoblins
  7 jackals
  6 kobolds
  11 ball pythons
  6 bats
  3 frilled lizards
  4 rats
72 creatures vanquished.

Vanquished Creatures (others)
  4 plants (D:3)
4 creatures vanquished.

Grand Total: 76 creatures vanquished

Notes
Turn   | Place    | Note
-------+----------+-------------------------------------------
     0 | D:1      | bande the Gargoyle Fighter began the quest for the Orb.
     0 | D:1      | Reached XP level 1. HP: 14/14 MP: 1/1
    54 | D:1      | Found Ekiret's Magic Scroll Emporium.
   148 | D:1      | Reached XP level 2. HP: 5/19 MP: 2/2
   437 | D:1      | Found a faded altar of an unknown god.
  1341 | D:2      | Reached XP level 3. HP: 24/24 MP: 3/3
  1796 | D:2      | Reached XP level 4. HP: 29/29 MP: 4/4
  2731 | D:3      | Reached XP level 5. HP: 33/33 MP: 5/5
  3043 | D:3      | Found a burning altar of Makhleb.
  3043 | D:3      | Noticed a cacodemon
  3611 | D:3      | Slain by a gnoll shaman

Illustrated notes

Levels and vault maps discovered:
D:1:      dpeg_arrival_lava_altar, layout_rooms, serial_shops, shop,
          nicolae_ecumenical_snake_handling
D:2:      minmay_razor_zed, layout_basic, serial_bayou_pond_e, eino_curves_01
D:3:      layout_basic, makhleb_altar_promises_db, minmay_misc_feat_ornament,
          grunt_ministairs_8, chequers_arboretum, serial_bayou_lake_a
D:4:      layout_rooms, tgw_kikubaaqudgha, lemuel_zombie_altar_yredelemnul,
          st_stairs_1, hangedman_decor_diamond_cutter, hangedman_decor_lopped

Skill      XL: |  1  2  3  4  5 |
---------------+----------------+-----
Axes           | 2 3 |  3.4
Fighting       | 4 |  4.1
Armour         | 4 |  4.1
Shields        | |  3.9
Evocations     | |  0.3

Action                   |  1- 3 |  4- 6 || total
-------------------------+-------+-------++-------
Melee: War axe           |   100 |    91 ||   191
  Use: Scroll            |     3 |     2 ||     5
Armor: Scale mail        |    78 |    47 ||   125
Dodge: Dodged            |    73 |    57 ||   130
Block: Buckler           |    30 |    17 ||    47

Table legend: (Time is in decaauts)
 A = Elapsed time spent in this place.
 B = Non-inter-level travel time spent in this place.
 C = Inter-level travel time spent in this place.
 D = Time resting spent in this place.
 E = Time spent auto-exploring this place.
 F = Levels seen in this place.
 G = Mean time per level.
                   A        B        C        D        E       F      G
               +--------+--------+--------+--------+--------+-----+--------+
         Total |   3721 |   3633 |     88 |    875 |   2114 |   4 |  930.2 |
       Dungeon |   3721 |   3633 |     88 |    875 |   2114 |   4 |  930.2 |
               +--------+--------+--------+--------+--------+-----+--------+

Top non-repeatable levels by time:
     D:2: 1280 daAuts
     D:1: 1198 daAuts
     D:3: 1181 daAuts
     D:4: 61 daAuts
